Map: [ESL] Alcyone

Players

Maru

  • Race: Terran Terran
  • Spawn Location: 1:00

Classic - Winner!

  • Race: Protoss Protoss
  • Spawn Location: 7:00

Event: ESL SC2 Masters 2023 Winter (Finals)

VOD

Have the link to the VOD?

Description

Time

  • Played on: Dec. 15, 2023, 2:25 p.m.
  • Length: 11:30

All games in this series

Show
View Real Time Build Order
Export as new Build Order

Maru Terran 

Build Orders: Cyclone Opening 

Get SALT Encoding   

  12  0:00  SCV  
  13  0:12  SCV  
  14  0:17  Supply Depot  
  14  0:24  SCV  
  15  0:38  SCV  
  15  0:40  Barracks  
  15  0:42  Refinery  
  16  0:50  SCV  
  16  0:52  Refinery  
  17  1:02  SCV  
  18  1:05  Supply Depot  
  18  1:14  SCV  
  19  1:29  Orbital Command, Reaper  
  20  1:40  Factory  
  20  1:55  SCV  
  21  2:02  Barracks Reactor  
  21  2:07  SCV  
  22  2:14  Command Center  
  22  2:19  SCV  
  23  2:24  Cyclone  
  23  2:29  Supply Depot  
  25  2:31  SCV  
  26  2:38  Marine x2  
  26  2:43  SCV  
  29  2:48  Starport  
  29  2:56  Marine x2  
  29  2:57  Factory Tech Lab  
  31  2:58  SCV  
  32  3:13  Marine  
  32  3:14  Marine  
  32  3:16  Siege Tank, SCV  
  38  3:28  SCV  
  38  3:30  Medivac  
  38  3:31  Marine x2  
  43  3:39  Supply Depot  
  44  3:49  Orbital Command  
  44  3:52  Siege Tank  
  44  3:53  Marine x2  
  48  3:56  SCV  
  49  4:06  Viking  
  51  4:11  Marine x2  
  51  4:12  SCV  
  53  4:18  Supply Depot  
  53  4:21  SCV  
  54  4:26  Cyclone  
  54  4:29  Marine x2  
  58  4:36  Viking  
  58  4:37  SCV x2  
  61  4:47  Marine  
  61  4:49  SCV  
  61  4:51  Marine  
  61  4:52  SCV  
  63  5:01  Cyclone, SCV  
  63  5:04  Marine  
  63  5:06  Viking, SCV  
  70  5:12  Supply Depot  
  70  5:17  SCV  
  69  5:24  SCV  
  69  5:25  Command Center  
  65  5:29  SCV  
  62  5:36  SCV  
  62  5:41  Starport Tech Lab, Siege Tank, SCV  
  66  5:48  SCV  
  67  5:53  SCV  
  67  5:54  Refinery  
  67  5:55  Refinery  
  68  5:58  Marine x2  
  68  5:59  Raven  
  68  6:00  SCV  
  68  6:03  Barracks  
  73  6:05  SCV, Supply Depot  
  74  6:12  SCV  
  74  6:17  Siege Tank  
  78  6:23  Barracks  
  78  6:26  SCV x2  
  78  6:27  Supply Depot  
  78  6:32  Engineering Bay  
  80  6:37  Orbital Command  
  80  6:39  SCV x2  
  82  6:41  Starport Reactor, Marine x2  
  84  6:49  Siege Tank  
  84  6:51  SCV x2  
  89  6:57  Stimpack, Supply Depot, Marine  
  90  7:01  Orbital Command  
  90  7:03  Terran Infantry Weapons Level 1, SCV x2  
  90  7:04  Missile Turret  
  92  7:12  Barracks Tech Lab  
  92  7:15  SCV x2  
  94  7:19  Marine  
  94  7:20  Marauder, Marine  
  94  7:21  Viking x2  
  102  7:27  SCV x2  
  102  7:29  SCV  
  105  7:35  Command Center  
  105  7:39  SCV x2  
  105  7:40  Siege Tank  
  105  7:41  SCV  
  105  7:42  Combat Shield, Refinery  
  105  7:43  Refinery  
  111  7:47  Supply Depot  
  111  7:51  SCV x2  
  111  7:52  Viking  
  111  7:53  SCV  
  116  8:01  Supply Depot x2  
  116  8:03  SCV  
  117  8:08  SCV x2  
  117  8:09  Starport x2  
  119  8:14  Fusion Core  
  119  8:15  SCV  
  120  8:20  SCV x2  
  120  8:24  Siege Tank  
  120  8:26  Liberator  
  128  8:27  SCV  
  128  8:32  Bunker x2  
  128  8:33  SCV x2  
  128  8:34  Liberator  
  131  8:36  Bunker  
  131  8:40  Barracks, SCV  
  131  8:41  Barracks  
  135  8:45  SCV x2  
  137  8:49  Missile Turret  
  137  8:50  Missile Turret  
  137  8:52  Supply Depot, SCV  
  137  8:54  Orbital Command  
  138  8:56  Starport Tech Lab  
  138  8:57  Starport Tech Lab, SCV x2  
  138  9:00  Siege Tank  
  143  9:11  Missile Turret, Armory  
  143  9:19  Command Center  
  143  9:23  Supply Depot  
  143  9:26  Supply Depot  
  143  9:29  Barracks Tech Lab, Sensor Tower, Barracks Reactor  
  143  9:31  Battlecruiser  
  149  9:38  Battlecruiser  
  154  9:42  Missile Turret  
  154  9:44  Missile Turret  
  154  9:45  Siege Tank  
  154  9:47  Orbital Command  
  154  9:52  SCV x2  
  159  9:59  Orbital Command  
  158  10:04  SCV x2  
  146  10:12  Liberator  
  149  10:17  SCV x2  
  149  10:18  Siege Tank  
  149  10:20  SCV  
  155  10:29  SCV x2  
  155  10:32  SCV  
  155  10:33  Missile Turret  
  155  10:34  Liberator  
  155  10:35  Supply Depot  
  132  10:52  Marauder x3, Marine x2  
  118  10:57  SCV x2  
  118  11:00  SCV x2  
  106  11:05  Marine  
  106  11:09  SCV  
  106  11:11  SCV  
  109  11:12  SCV  
Show
View Real Time Build Order
Export as new Build Order

Classic Protoss - Winner!

Build Orders: 1 Gate Expand, Phoenix Opening, Chargelot Immortal, Colossus Rush 

Get SALT Encoding   

  12  0:00  Probe  
  13  0:12  Probe  
  14  0:16  Pylon  
  14  0:24  Probe  
  15  0:35  Gateway  
  15  0:37  Probe (Chrono Boost)  
  16  0:46  Assimilator, Probe (Chrono Boost)  
  17  0:51  Probe (Chrono Boost)  
  18  1:03  Probe  
  19  1:15  Probe  
  20  1:22  Cybernetics Core  
  20  1:32  Nexus  
  20  1:40  Pylon  
  20  1:43  Probe  
  21  1:50  Assimilator  
  21  1:55  Probe  
  21  1:56  Adept (Chrono Boost)  
  24  2:07  Probe  
  25  2:19  Probe, Stalker  
  28  2:30  Stargate  
  28  2:33  Probe (Chrono Boost)  
  29  2:39  Warp Gate  
  29  2:44  Probe (Chrono Boost)  
  29  2:45  Probe (Chrono Boost)  
  29  2:49  Stalker  
  33  2:53  Probe (Chrono Boost)  
  33  2:54  Probe (Chrono Boost)  
  35  2:58  Probe (Chrono Boost)  
  35  2:59  Probe  
  37  3:10  Robotics Facility, Probe  
  37  3:11  Probe  
  39  3:23  Probe (Chrono Boost)  
  39  3:25  Gateway, Probe (Chrono Boost)  
  39  3:26  Pylon  
  42  3:35  Probe (Chrono Boost)  
  42  3:36  Phoenix  
  42  3:41  Probe (Chrono Boost)  
  45  3:42  Probe (Chrono Boost)  
  45  3:43  Pylon  
  45  3:46  Assimilator  
  45  3:47  Probe  
  47  3:49  Probe  
  48  3:56  Assimilator, Immortal (Chrono Boost)  
  52  4:04  Probe  
  52  4:05  Pylon, Probe  
  54  4:18  Probe x2  
  54  4:19  Robotics Bay  
  56  4:28  Immortal (Chrono Boost)  
  60  4:32  Stalker  
  60  4:33  Stalker  
  60  4:38  Shield Battery  
  64  4:39  Shield Battery  
  64  4:45  Pylon  
  64  4:50  Phoenix  
  66  4:57  Stalker x2  
  66  4:59  Pylon  
  70  5:14  Colossus (Chrono Boost)  
  76  5:24  Probe x2  
  78  5:34  Nexus  
  78  5:35  Pylon  
  78  5:43  Extended Thermal Lance, Probe x2  
  80  5:53  Sentry  
  80  5:55  Probe x2 (Chrono Boost)  
  84  5:59  Colossus  
  84  6:00  Pylon  
  90  6:07  Probe x2 (Chrono Boost)  
  90  6:10  Nexus  
  90  6:12  Probe x2 (Chrono Boost)  
  94  6:21  Twilight Council  
  94  6:22  Forge  
  94  6:24  Probe  
  93  6:26  Probe  
  93  6:31  Sentry, Zealot  
  98  6:35  Pylon  
  98  6:36  Probe  
  98  6:38  Probe  
  100  6:41  Gateway  
  100  6:44  Gateway, Charge  
  100  6:45  Protoss Ground Weapons Level 1 (Chrono Boost)  
  100  6:49  Probe x2  
  100  6:50  Probe  
  103  6:56  Observer, Gateway  
  103  6:57  Gateway  
  104  7:06  Gateway  
  104  7:09  Gateway  
  104  7:13  Probe x3  
  107  7:17  Templar Archives  
  107  7:19  Zealot  
  107  7:20  Zealot  
  111  7:24  Pylon  
  111  7:26  Pylon  
  111  7:32  Immortal (Chrono Boost)  
  115  7:39  Probe  
  115  7:40  Probe x2  
  115  7:43  Probe  
  119  7:44  Zealot x4  
  119  7:47  Forge  
  119  7:50  Zealot  
  129  7:53  Probe x2  
  129  7:54  Probe  
  129  7:55  High Templar, Probe  
  129  7:58  Gateway  
  135  7:59  Gateway  
  135  8:01  High Templar  
  135  8:04  Warp Prism (Chrono Boost)  
  137  8:06  Archon  
  137  8:08  Gravitic Drive  
  137  8:12  Zealot x3  
  141  8:19  Probe x2  
  148  8:20  Pylon, Blink, Probe  
  148  8:21  Probe  
  148  8:25  Protoss Ground Weapons Level 2 (Chrono Boost)  
  148  8:26  Protoss Ground Armor Level 1 (Chrono Boost)  
  149  8:31  Photon Cannon  
  149  8:33  Pylon  
  149  8:37  Immortal  
  149  8:39  Pylon  
  149  8:41  Zealot x2  
  157  8:48  Nexus  
  157  8:51  Pylon  
  157  8:52  Assimilator  
  157  8:53  Assimilator  
  157  9:01  Assimilator x2  
  157  9:06  Fleet Beacon  
  157  9:08  Stargate  
  157  9:15  Zealot x4  
  157  9:16  Zealot  
  167  9:18  Zealot x3  
  167  9:20  Warp Prism (Chrono Boost)  
  175  9:36  Stargate  
  175  9:38  Pylon  
  175  9:47  Probe x3  
  175  9:50  Pylon  
  178  9:56  Zealot x9  
  172  10:05  Zealot x10  
  152  10:16  Probe x5  
  156  10:22  Warp Prism  
  156  10:26  Zealot x8  
  156  10:27  Zealot x2  
  164  10:47  Stalker x8  
  164  10:48  Stalker  
  138  10:58  Zealot x3  
  118  11:15  Stalker x7  
  132  11:19  Stalker x3  
Tags
 
Add a new tag
Caveats
  • Supply blocks, unpowered buildings, or Contaminate may cause inaccurate times.
  • Supply counts are checked every 10 seconds.